 Dungeon Crawl Stone Soup version 0.29-a0-925-g0a7a3d12f8 (webtiles) character file.

Game seed: 882663846143772164

6185 nickcage the Destroyer (level 10, -2/69 HPs)
             Began as a Green Draconian Conjurer on July 26, 2022.
             Was a Priest of Sif Muna.
             Slain by a death yak (11 damage)
             ... on level 9 of the Dungeon on July 28, 2022.
             The game lasted 01:12:19 (11551 turns).

nickcage the Destroyer (Green Draconian Conjurer)  Turns: 11551, Time: 01:12:20

Health: -2/69      AC: 10    Str: 10    XL:     10   Next: 60%
Magic:  10/22      EV: 12    Int: 22    God:    Sif Muna [***...]
Gold:   391        SH:  0    Dex: 16    Spells: 6/25 levels left

rFire   . . .      SeeInvis .   c - staff of conjuration
rCold   . . .      Faith    .   (no shield)
rNeg    . . .      Spirit   .   (body armour unavailable)
rPois   +          Reflect  .   (helmet restricted)
rElec   .          Harm     .   (no cloak)
rCorr   .          Rampage  .   j - +0 pair of gloves
Will    .....                   b - +1 pair of boots
Stlth   ++........              (no amulet)
HPRegen 0.21/turn               B - +6 ring of dexterity
MPRegen 0.18/turn               (no ring)

@: no status effects
A: breathe noxious fumes, AC +7, unfitting armour, poison resistance,
cold-blooded
a: Breathe Noxious Fumes, Renounce Religion, Channel Magic, Forget Spell


You were on level 9 of the Dungeon.
You worshipped Sif Muna.
Sif Muna was most pleased with you.
You visited 2 branches of the dungeon, and saw 10 of its levels.
You also visited: Ossuary.

You collected 391 gold pieces.

Inventory:

Hand Weapons
 s - a +2 rapier of draining
 t - a +4 flail of protection
 C - a +1 morningstar of flaming
Missiles
 x - 4 throwing nets
Armour
 b - a +1 pair of boots (worn)
 j - a +0 pair of gloves (worn)
Magical Staves
 c - a staff of conjuration (weapon)
Jewellery
 B - a +6 ring of dexterity (left hand)
Wands
 k - a wand of flame (9)
 m - a wand of quicksilver (21)
 q - a wand of roots (2)
 v - a wand of mindburst (15)
 w - a wand of polymorph (13)
 y - a wand of paralysis (24)
Scrolls
 l - a scroll of brand weapon
 n - a scroll of blinking
 p - a scroll of enchant weapon
 z - a scroll of poison
 D - a scroll of identify
 E - a scroll of amnesia
Potions
 a - 3 potions of magic
 d - 3 potions of mutation
 e - 2 potions of invisibility
 f - 10 potions of curing
 g - a potion of lignification
 h - a potion of berserk rage
 i - a potion of flight
 o - 2 potions of heal wounds
 r - 3 potions of attraction
 u - a potion of brilliance
 A - a potion of ambrosia


   Skills:
 - Level 1.7 Dodging
 - Level 1.7 Stealth
 - Level 8.0 Spellcasting
 * Level 12.8 Conjurations
 - Level 2.0 Hexes
 - Level 3.2 Translocations
 * Level 1.1 Fire Magic
 * Level 1.7 Ice Magic
 - Level 3.0 Invocations
 - Level 2.0 Evocations


You had 6 spell levels left.
You knew the following spells:

 Your Spells              Type           Power      Damage    Failure   Level
a - Magic Dart            Conj           100%       1d8       1%          1
b - Searing Ray           Conj           100%       2d8       1%          2
c - Fulminant Prism       Conj/Hex       29%        3d14      3%          4
d - Iskenderun's Mystic   Conj/Tloc      60%        2d13      2%          4
e - Hailstorm             Conj/Ice       57%        3d12      3%          4
f - Sticky Flame          Conj/Fire      56%        2d7       4%          4

Your spell library contained the following spells:

 Spells                   Type           Power      Damage    Failure   Level
 Conjure Flame            Conj/Fire      56%        6-21      1%          3
 Dazzling Flash           Conj/Hex       100%       N/A       1%          3
 Confusing Touch          Hex            17%        N/A       10%         3
 Tukima's Dance           Hex            17%        N/A       10%         3
 Ignite Poison            Fire/Tmut/Pois 10%        N/A       19%         3
 Ice Form                 Ice/Tmut       12%        N/A       45%         4
 Metabolic Englaciation   Hex/Ice        8%         N/A       67%         5
 Simulacrum               Ice/Necr       6%         N/A       100%        6


Dungeon Overview and Level Annotations

Branches:
Dungeon (9/15)             Temple (1/1) D:4         Ossuary (visited)
   Lair: D:8-11         Orc: D:9-12

Altars:
Ashenzari
Cheibriados
Dithmenos
Elyvilon
Fedhas
Gozag
Hepliaklqana
Kikubaaqudgha
Makhleb
Nemelex Xobeh
Okawaru
Qazlal
Ru
Sif Muna
Trog
Uskayaw
Wu Jian
Xom
Yredelemnul
Zin
The Shining One

Shops:
D:6 (=

Annotations:
D:6 3 runed translucent doors, OstrichLN's ghost, novice TrFi


Innate Abilities, Weirdness & Mutations

You can breathe blasts of noxious fumes.
Your lurid green scales are hard. (AC +7)
You cannot fit into any form of body armour.
Your system is resistant to poisons. (rPois)
You are cold-blooded and may be slowed by cold attacks.


Message History

Aiming: Breathe Noxious Fumes (3% risk of failure)
Press: ? - help, Shift-Dir - straight line, f/p - death yak
Aim: a death yak (almost dead, 86% to hit)
You exhale a blast of noxious fumes.
The blast of choking fumes hits the death yak.
The death yak is almost dead.
The death yak is engulfed in noxious fumes.
The death yak appears confused.
The death yak gores you!
The death yak is engulfed in noxious fumes.
The death yak appears confused.
You have got your breath back.
Sif Muna accepts your kill.
You feel a bit more experienced.
Your Translocations skill increases to level 3!
Your Fire Magic skill increases to level 1!
There is an open door here.
Okay, then.
You start resting.
A death yak is nearby!
A death yak comes into view.
The death yak closely misses you. The death yak misses you.
The death yak bellows!
The death yak attacks as you move away! The death yak closely misses you.
The death yak bellows!
The death yak gores you!
The death yak gores you but does no damage.
The death yak barely misses you. The death yak closely misses you.
The death yak gores you!! The death yak gores you! The death yak misses you.
The death yak gores you!
* * * LOW HITPOINT WARNING * * *
The death yak attacks as you move away! The death yak gores you.
* * * LOW HITPOINT WARNING * * *
The death yak attacks as you move away! The death yak closely misses you.
The death yak attacks as you move away! The death yak barely misses you.
There is an open door here.
The death yak attacks as you move away! The death yak closely misses you.
The death yak attacks as you move away! The death yak gores you!
You die...

........#......#...#..###..##
#.......'.####.#...#..# #..##
#.......#.####.#...#..###..##
######+##......###.#...<.....
#......######.##########
#.....>#..Y.......##....
#..###.#..........##....
#......##Y###.....##....
###....@Y...#.....##....
#.........#.....######
#.........#.....#....#
...#.........#.....#....#
...#.........#.....#....# #..
### #..#.........#.....#....'
#..##..
#..#.#####...#.....#....#
#...... #..#.#
#...#######..... ..... #..#.#
...............


You could see 2 death yaks.

Vanquished Creatures
  A death yak (D:9)
  Grinder (D:3)
  A shadow (D:9)
  A wyvern (D:8)
  A wraith (D:9)
  Eustachio (D:5)
  5 yaks (D:8)
  Menkaure (D:4)
  Edmund (D:5)
  2 water moccasins
  6 ice beasts
  An orc warrior (D:7)
  2 black bears
  2 ogres
  2 phantoms (D:6)
  2 elf zombies (Ossuary)
  2 gnoll sergeants
  2 necrophages
  2 scorpions
  4 bullfrogs
  15 killer bees
  A howler monkey (D:6)
  A quasit (D:8)
  2 hounds
  3 jellies
  3 gnoll boudas
  2 orc priests
  An iron imp (D:8)
  A human zombie (Ossuary)
  4 iguanas
  4 orc wizards
  3 mummies (Ossuary)
  27 gnolls
  6 adders
  A shadow imp (D:8)
  2 white imps
  3 ufetubi
  2 worms
  2 adder zombies (Ossuary)
  A dart slug (D:3)
  18 orcs
  8 ball pythons
  6 endoplasms
  9 giant cockroaches
  A gnoll zombie (Ossuary)
  3 goblins (D:1)
  5 hobgoblins
  8 jackals
  4 quokkas
  6 bats
  A frilled lizard (D:3)
  4 goblin zombies
  5 hobgoblin zombies
  3 kobolds
  2 kobold zombies
  2 orc skeletons (D:8)
  An orc zombie (Ossuary)
  4 quokka zombies (Ossuary)
  8 rats
  A rat zombie (Ossuary)
223 creatures vanquished.

Vanquished Creatures (others)
  5 demonic plants (D:8)
  19 fulminant prisms
24 creatures vanquished.

Grand Total: 247 creatures vanquished

Notes
Turn   | Place    | Note
-------+----------+-------------------------------------------
     0 | D:1      | nickcage the Draconian Conjurer began the quest for the
                  | Orb.
     0 | D:1      | Reached XP level 1. HP: 14/14 MP: 3/3
   237 | D:1      | Reached XP level 2. HP: 20/20 MP: 3/5
   339 | D:1      | Learned a level 2 spell: Searing Ray
   645 | D:1      | Reached XP level 3. HP: 26/26 MP: 0/6
   773 | D:1      | Got Ujestreged's Compendium of Icy Execration
   884 | D:1      | Found a faded altar of an unknown god.
   995 | D:1      | Reached skill level 5 in Conjurations
  1564 | D:2      | Reached XP level 4. HP: 33/33 MP: 4/7
  1617 | D:2      | Learned a level 4 spell: Fulminant Prism
  2168 | D:3      | Noticed Grinder
  2179 | D:3      | HP: 1/33 [Grinder (3)]
  2180 | D:3      | Killed Grinder
  2181 | D:3      | Reached skill level 6 in Conjurations
  2181 | D:3      | Reached XP level 5. HP: 2/38 MP: 0/9
  2181 | D:3      | Reached XP level 6. HP: 2/45 MP: 0/10
  3183 | D:3      | Reached skill level 7 in Conjurations
  3394 | D:4      | Learned a level 4 spell: Iskenderun's Mystic Blast
  3547 | D:4      | Noticed an ice beast
  3575 | D:4      | Killed an ice beast
  3782 | D:4      | Found a broken altar of Ashenzari.
  3816 | D:4      | Your scales start taking on a lurid green colour.
  3816 | D:4      | Reached XP level 7. HP: 50/50 MP: 1/12
  3816 | D:4      | Gained mutation: Your system is resistant to poisons.
                  | (rPois) [Green Draconian growth]
  3995 | D:4      | Reached skill level 1 in Hexes
  3995 | D:4      | Reached skill level 1 in Translocations
  3997 | D:4      | Found a shadowy altar of Dithmenos.
  4089 | D:4      | Found a staircase to the Ecumenical Temple.
  4097 | D:4      | Noticed Menkaure
  4099 | Temple   | Entered the Ecumenical Temple
  4191 | Temple   | Became a worshipper of Sif Muna the Loreminder
  4217 | D:4      | Killed Menkaure
  4355 | D:4      | Reached skill level 8 in Conjurations
  5113 | D:4      | Found a hazy altar of Hepliaklqana.
  5530 | D:5      | Entered Level 5 of the Dungeon
  5680 | D:5      | Noticed Eustachio
  5693 | D:5      | Killed Eustachio
  5694 | D:5      | Reached XP level 8. HP: 48/57 MP: 1/14
  5787 | D:5      | Noticed Edmund
  5884 | D:5      | Killed Edmund
  6130 | D:5      | Found a basalt altar of Yredelemnul.
  6262 | D:5      | Reached skill level 9 in Conjurations
  6304 | D:5      | Found a blossoming altar of Fedhas.
  6312 | D:5      | Reached skill level 5 in Spellcasting
  6560 | D:5      | Reached skill level 1 in Invocations
  6561 | D:5      | Reached skill level 1 in Evocations
  6975 | D:6      | Found a runed translucent gate.
  6975 | D:6      | Found a runed translucent gate.
  6975 | D:6      | Found a runed translucent gate.
  6977 | D:6      | Noticed OstrichLN's ghost (novice TrFi)
  7007 | D:6      | Reached * piety under Sif Muna
  7113 | D:6      | Found Othreklyaq's Jewellery Shoppe.
  7260 | D:6      | Reached XP level 9. HP: 61/62 MP: 10/17
  7336 | D:6      | Reached skill level 10 in Conjurations
  7468 | D:6      | Found a glowing silver altar of Zin.
  7493 | D:6      | Found Hiofaseati's Antique Weapon Shoppe.
  8081 | D:7      | Found a stormy altar of Qazlal.
  8432 | D:7      | Reached skill level 11 in Conjurations
  8439 | D:7      | Reached ** piety under Sif Muna
  9384 | D:7      | Upgraded the game from 0.29-a0-919-gd064cfad1c to
                  | 0.29-a0-925-g0a7a3d12f8
  9564 | D:8      | Reached XP level 10. HP: 56/69 MP: 7/21
  9848 | D:8      | Reached skill level 12 in Conjurations
 10001 | D:8      | Found a sand-covered staircase.
 10012 | Ossuary  | Entered an ossuary
 10259 | Ossuary  | Learned a level 4 spell: Hailstorm
 10635 | D:8      | Found a glowing golden altar of the Shining One.
 10638 | D:8      | Reached *** piety under Sif Muna
 10684 | D:8      | Learned a level 4 spell: Sticky Flame
 10959 | D:9      | Found an ancient bone altar of Kikubaaqudgha.
 11183 | D:9      | Reached skill level 1 in Ice Magic
 11492 | D:9      | Noticed a death yak
 11500 | D:9      | Noticed a death yak
 11503 | D:9      | Noticed a death yak
 11504 | D:9      | Noticed a death yak
 11511 | D:9      | Killed a death yak
 11512 | D:9      | Reached skill level 1 in Fire Magic
 11533 | D:9      | Noticed a death yak
 11551 | D:9      | Slain by a death yak

Illustrated notes

Levels and vault maps discovered:
D:1:      psy_arrival_spokes, layout_basic, ebering_ecumenical_altar_ruins,
          nicolae_concentric_dashed_squares_mild, hangedman_decor_growths,
          minmay_tetromino_i4
D:2:      layout_loops_ring
D:3:      minmay_general_purpose_star, layout_loops_ring, uniq_grinder
D:4:      layout_layer_cave, mainiacjoe_overflow_tiny_flanked,
          nzn_hepliaklqana_mist_gate, lemuel_round_altar,
          minmay_temple_entry_tees, portal_sewer_entry_f, uniq_menkaure
D:5:      layout_loops_corners, fedhas_altar_2, mainiacjoe_overflow_alcove_1,
          uniq_edmund, uniq_eustachio
D:6:      layout_basic, zin_academy, ebering_ghost_rock_garden, serial_shops,
          shop, shop_fountains, grunt_ministairs_13
D:7:      layout_loops_cross, mainiacjoe_overflow_chevrons,
          nicolae_benzene_ring, grunt_ministairs_10
D:8:      layout_rooms, nicolae_tso_besieged_by_evil,
          nicolae_ossuary_entry_monument, serial_demonic, serial_demonic_e,
          serial_demonic_f, serial_demonic_g, serial_demonic_g,
          grunt_decor_clamped
D:9:      layout_stronghold, mainiacjoe_overflow_catwalk, dpeg_lair_monsters,
          david_orc_3, uniq_amaemon
Temple:   nicolae_temple_hex_pool

Skill      XL: |  1  2  3  4  5  6  7  8  9 10 |
---------------+-------------------------------+-----
Conjurations   | 5 6 7 8 9 11 12 | 12.8
Spellcasting   | 3 4 5 7 8 |  8.0
Hexes          | 1 2 |  2.0
Translocations | 1 2 3 |  3.2
Invocations    | 2 3 |  3.0
Evocations     | 2 |  2.0
Ice Magic      | 1 |  1.7
Fire Magic     | 1 |  1.1
Dodging        | |  1.7
Stealth        | |  1.7

Action                   |  1- 3 |  4- 6 |  7- 9 | 10-12 || total
-------------------------+-------+-------+-------+-------++-------
Melee: Staff             |       |    32 |    19 |    20 ||    71
       Tailslap          |       |     6 |     3 |     2 ||    11
 Cast: Magic Dart        |    70 |    60 |   114 |    37 ||   281
       Searing Ray       |     2 |    11 |    60 |    21 ||    94
       Fulminant Prism   |       |       |     6 |    13 ||    19
       Iskenderun's Myst |       |       |     1 |     3 ||     4
 Abil: Breathe Noxious F |       |       |     7 |     2 ||     9
  Use: Scroll            |     6 |     7 |     5 |     5 ||    23
 Stab: Confused          |       |       |     2 |       ||     2
Armor: Skin              |       |    24 |    34 |    27 ||    85
Dodge: Dodged            |     2 |    19 |    63 |    49 ||   133

Table legend: (Time is in decaauts)
 A = Elapsed time spent in this place.
 B = Non-inter-level travel time spent in this place.
 C = Inter-level travel time spent in this place.
 D = Time resting spent in this place.
 E = Time spent auto-exploring this place.
 F = Levels seen in this place.
 G = Mean time per level.
                   A        B        C        D        E       F      G
               +--------+--------+--------+--------+--------+-----+--------+
         Total |  11577 |  11377 |    200 |   2806 |   6671 |  11 | 1052.5 |
       Dungeon |  11009 |  10828 |    181 |   2514 |   6610 |   9 | 1223.2 |
        Temple |    111 |     92 |     19 |      0 |     61 |   1 |  111.0 |
       Ossuary |    456 |    456 |      0 |    292 |      0 |   1 |  456.0 |
               +--------+--------+--------+--------+--------+-----+--------+

Top non-repeatable levels by time:
     D:4: 1869 daAuts
     D:7: 1615 daAuts
     D:3: 1523 daAuts
     D:5: 1242 daAuts
     D:6: 1213 daAuts
     D:1: 1132 daAuts
     D:8: 1006 daAuts
     D:2: 965 daAuts
 Ossuary: 456 daAuts
     D:9: 440 daAuts
  Temple: 111 daAuts
